 Dungeon Crawl Stone Soup version 0.18.1-50-g88ac8fd (webtiles) character file.

384 septik the Skirmisher (level 6, -3/57 HPs)
             Began as a Minotaur Berserker on Sept 1, 2016.
             Was an Elder of Trog.
             Slain by Duvessa
             ... wielding a +4 short sword of venom
              (6 damage)
             ... on level 4 of the Dungeon on Nov 2, 2016.
             The game lasted 00:11:00 (2531 turns).

septik the Skirmisher (Minotaur Berserker)          Turns: 2531, Time: 00:11:01

Health: -3/57      AC:  2    Str: 28    XL:     6   Next: 47%
Magic:  5/5        EV: 18    Int:  4    God:    Trog [****..]
Gold:   208        SH:  0    Dex: 15    Spells: 0 memorised, 5 levels left

rFire  . . .     SeeInvis .     a - +0 hand axe
rCold  . . .     Gourm    .     b - +0 animal skin
rNeg   . . .     Faith    .     (no shield)
rPois  .         Spirit   .     (helmet restricted)
rElec  .         Dismiss  .     (no cloak)
rCorr  .         Reflect  .     (no gloves)
SustAt .         Harm     .     (no boots)
MR     .....                    (no amulet)
Stlth  ++........               (no ring)
                                (no ring)

@: mighty, agile, lethally poisoned (-3 -> -20), not resistant to hostile
enchantments, unstealthy
A: retaliatory headbutt, horns 2
a: Berserk, Trog's Hand, Brothers in Arms, Burn Spellbooks, Renounce Religion


You were on level 4 of the Dungeon.
You worshipped Trog.
Trog was greatly pleased with you.
You were not hungry.

You visited 1 branch of the dungeon, and saw 4 of its levels.

You collected 208 gold pieces.

Inventory:

Hand Weapons
 a - a +0 hand axe (weapon)
Armour
 b - a +0 animal skin (worn)
Jewellery
 q - an uncursed ring of ice {unknown}
 r - an uncursed ring of protection from fire {unknown}
 s - an uncursed amulet of dismissal {unknown}
Scrolls
 f - a scroll of noise {unknown}
 j - 6 scrolls of identify {unknown}
 k - a scroll of fear {unknown}
 m - a scroll of amnesia {unknown}
 u - a scroll of immolation {unknown}
 v - a scroll of teleportation {unknown}
Potions
 d - a potion of agility
 g - a potion of berserk rage {unknown}
 h - a potion of cure mutation {unknown}
 i - a potion of haste {unknown}
 l - a potion of curing {unknown}
 p - a potion of heal wounds {unknown}
 t - 2 potions of lignification {unknown}
Comestibles
 c - 3 bread rations
 n - 2 beef jerkies
 o - 2 meat rations
 w - 2 chunks of flesh


   Skills:
 + Level 5.9 Fighting
 + Level 5.9 Axes
 + Level 4.3 Armour
 - Level 3.1 Dodging


You had 5 spell levels left.
You didn't know any spells.

Dungeon Overview and Level Annotations

Branches:
Dungeon (4/15)
 Temple: D:4-7

Altars:
Xom
The Shining One

Annotations:
D:4 Dowan, Duvessa


Innate Abilities, Weirdness & Mutations

You reflexively headbutt those who attack you in melee.
You have a pair of horns on your head.


Message History

* * * LOW HITPOINT WARNING * * *
You feel sick.
Duvessa hits you with a short sword of venom!
* * * LOW HITPOINT WARNING * * *
You are more poisoned.
Unknown command.
Unknown command.
Unknown command.
Drink which item? (? for menu, Esc to quit)
It was a potion of agility.
You feel agile all of a sudden.
* * * LOW HITPOINT WARNING * * *
You feel sick. Duvessa completely misses you.
Drink which item? (? for menu, Esc to quit)
It was a potion of might.
You feel very mighty all of a sudden.
* * * LOW HITPOINT WARNING * * *
You feel sick.
Duvessa hits you with a short sword of venom.
You die...

..... e.... #.# .....
#.# #.#.# #.# #.#e#
#.# # #.#.# #.#
####.#.#.# #.#####..
?........#####........
###......e..e@..#
#....)..#####.#
#.##.##.# .# # #...#.#
.. #.#...#.# ###
#.#...#.# #.......#
###...#####
#...#...####.


You could see Duvessa and Dowan.

Vanquished Creatures
  A phantom (D:4)
  An iguana (D:4)
  An orc wizard (D:4)
  3 worker ants
  5 adders (D:2)
  An ooze (D:2)
  An adder skeleton (D:4)
  A worm (D:3)
  3 dart slugs (D:1)
  3 giant geckos
  12 orcs
  4 giant cockroaches
  14 goblins
  11 hobgoblins
  4 jackals (D:4)
  8 kobolds
  2 quokkas (D:2)
  2 ball pythons (D:2)
  5 bats
  6 giant newts
  6 rats
94 creatures vanquished.

Notes
Turn   | Place    | Note
--------------------------------------------------------------
     0 | D:1      | septik the Minotaur Berserker began the quest for the Orb.
     0 | D:1      | Reached XP level 1. HP: 19/19 MP: 0/0
    60 | D:1      | Upgraded the game from 0.18.1-48-g4cf74bf to 0.18.1-50-g88ac8fd
   322 | D:1      | Reached XP level 2. HP: 27/27 MP: 1/1
   677 | D:1      | Reached ** piety under Trog
   691 | D:1      | Reached XP level 3. HP: 33/33 MP: 2/2
  1066 | D:2      | Reached XP level 4. HP: 36/41 MP: 3/3
  1209 | D:2      | Found a faded altar to an unknown god.
  1629 | D:2      | Reached *** piety under Trog
  1823 | D:3      | Reached skill level 5 in Fighting
  1823 | D:3      | Reached skill level 5 in Axes
  1823 | D:3      | Reached XP level 5. HP: 48/48 MP: 4/4
  1968 | D:3      | Found a shimmering altar of Xom.
  1968 | D:3      | Found a glowing golden altar of the Shining One.
  2162 | D:4      | Noticed a phantom
  2179 | D:4      | Killed a phantom
  2179 | D:4      | Reached XP level 6. HP: 54/57 MP: 5/5
  2474 | D:4      | Reached **** piety under Trog
  2511 | D:4      | Noticed Duvessa
  2512 | D:4      | Noticed Dowan
  2531 | D:4      | Slain by Duvessa

Skill      XL: |  1  2  3  4  5 |
---------------+----------------+-----
Axes           | 4 5 |  5.9
Fighting       | 4 5 |  5.9
Dodging        | 3 |  3.1
Armour         | 3 4 |  4.3

Action                   |  1- 3 |  4- 6 || total
-------------------------+-------+-------++-------
Melee: Hand axe          |    82 |   121 ||   203
       Headbutt          |    14 |    23 ||    37
Invok: Berserk           |     1 |     3 ||     4
  Use: Potion            |       |     2 ||     2
  Eat: Chunk             |     2 |     8 ||    10
Armor: Animal skin       |    13 |    16 ||    29
Dodge: Dodged            |    47 |    75 ||   122
